 Dungeon Crawl Stone Soup version 0.29-a0-91-gdebf4667c2 (webtiles) character file.

Game seed: 9083762973038796529

2 Cecur the Changer (level 1, -1/10 HPs)
             Began as a Spriggan Wanderer on Feb 7, 2022.
             Frozen to death by an endoplasm (2 damage)
             ... on level 1 of the Dungeon.
             The game lasted 00:00:24 (45 turns).

Cecur the Changer (Spriggan Wanderer)                 Turns: 45, Time: 00:00:25

Health: -1/10      AC:  2    Str:  5    XL:     1   Next: 25%
Magic:  3/3        EV: 14    Int: 16    God:
Gold:   23         SH:  5    Dex: 14    Spells: 1/2 levels left

rFire   . . .      SeeInvis +   a - +0 dagger
rCold   . . .      Faith    .   b - +0 buckler
rNeg    . . .      Spirit   .   c - +0 robe
rPois   .          Reflect  .   (helmet restricted)
rElec   .          Harm     .   (no cloak)
rCorr   .          Rampage  .   (gloves unavailable)
Will    .....                   (boots unavailable)
Stlth   +.........              (no amulet)
HPRegen 0.03/turn               (no ring)
MPRegen 0.08/turn               (no ring)

@: very quick
A: very small, no large weapons, unfitting armour, see invisible, speed 3
a: no special abilities


You were on level 1 of the Dungeon.
You visited 1 branch of the dungeon, and saw 1 of its levels.

You collected 23 gold pieces.

Inventory:

Hand Weapons
 a - a +0 dagger (weapon)
Armour
 b - a +0 buckler (worn)
 c - a +0 robe (worn)
Potions
 d - a potion of lignification


   Skills:
 + Level 1.5 Fighting
 + Level 1.3 Shields
 + Level 1.3 Spellcasting
 + Level 5.4 Transmutations
 + Level 1.0 Invocations


You had one spell level left.
You knew the following spells:

 Your Spells              Type           Power      Damage    Failure   Level
a - Sting                 Tmut/Pois      36%        1d4       16%         1

Your spell library contained the following spells:

 Spells                   Type           Power      Damage    Failure   Level
 Passwall                 Tmut/Erth      7%         N/A       24%         2
 Ignite Poison            Fire/Tmut/Pois 6%         N/A       56%         3


Dungeon Overview and Level Annotations

Branches:
Dungeon (1/15)

Altars:


Innate Abilities, Weirdness & Mutations

You are very small and have problems with some larger weapons.
You are too small for most types of armour.
You have supernaturally acute eyesight. (SInv)
You cover ground extremely quickly. (Speed+++)


Message History

An endoplasm comes into view.
You barely miss the goblin.
A kobold comes into view. It is wielding a +0 whip.
You block the goblin's attack.
The endoplasm quivers.
You hit the goblin.
The goblin is heavily wounded.
You block the goblin's attack.
You completely miss the goblin.
The goblin is heavily wounded.
You block the goblin's attack.
You hit the goblin.
You kill the goblin!
There is an open door here.
You closely miss the kobold. You block the kobold's attack.
You completely miss the kobold. The kobold hits you with a +0 whip.
You barely miss the kobold. The kobold closely misses you.
The kobold barely misses you.
You hit the kobold but do no damage. The kobold barely misses you.
You hit the kobold but do no damage. The kobold barely misses you.
You closely miss the kobold. The kobold hits you with a +0 whip.
You barely miss the kobold. The kobold closely misses you.
You barely miss the kobold. The kobold barely misses you.
You hit the kobold.
You kill the kobold!
You barely miss the endoplasm. The endoplasm hits you.
You hit the endoplasm but do no damage. The endoplasm hits you.
* * * LOW HITPOINT WARNING * * *
You hit the endoplasm.
The endoplasm is moderately wounded.
The endoplasm hits you.
* * * LOW HITPOINT WARNING * * *
You hit the endoplasm.
The endoplasm is heavily wounded.
The endoplasm completely misses you.
You hit the endoplasm.
The endoplasm is almost dead.
The endoplasm freezes you.
You are frozen.
You die...

# ####.#####
##....#...##
#..........###
......)......####
.....K...........
.......##J###+##
....J..#.@.#...#
.....###...#≈.≈#
..### #...#≈.≈#
≈# . #...#≈.≈#
≈≈# #...#≈.≈#≈≈.#
#...#≈.≈#≈.(#
#...#...#...#
#...........#
#...........#


You could see an endoplasm.

Vanquished Creatures
  A goblin (D:1)
  A kobold (D:1)
2 creatures vanquished.

Notes
Turn   | Place    | Note
-------+----------+-------------------------------------------
     0 | D:1      | Cecur the Spriggan Wanderer began the quest for the Orb.
     0 | D:1      | Cecur set off with the following items: a +0 dagger, a +0
                  | buckler, a +0 robe, a potion of lignification; and the
                  | following spell memorised: Sting; and the following spells
                  | available to memorise: Passwall, Ignite Poison
     0 | D:1      | Reached XP level 1. HP: 10/10 MP: 3/3
    45 | D:1      | Frozen to death by an endoplasm

Illustrated notes

Levels and vault maps discovered:
D:1:      lightli_arrival_quake, layout_rooms

Action                   || total
-------------------------++-------
Melee: Dagger            ||    18
Dodge: Dodged            ||     7
Block: Buckler           ||     4

Table legend: (Time is in decaauts)
 A = Elapsed time spent in this place.
 B = Non-inter-level travel time spent in this place.
 C = Inter-level travel time spent in this place.
 D = Time resting spent in this place.
 E = Time spent auto-exploring this place.
 F = Levels seen in this place.
 G = Mean time per level.
                   A        B        C        D        E       F      G
               +--------+--------+--------+--------+--------+-----+--------+
         Total |     38 |     38 |      0 |      0 |     12 |   1 |   38.0 |
       Dungeon |     38 |     38 |      0 |      0 |     12 |   1 |   38.0 |
               +--------+--------+--------+--------+--------+-----+--------+

Top non-repeatable levels by time:
     D:1: 38 daAuts
